 Dungeon Crawl Stone Soup version 0.14-a0-1811-gdc2d5af (webtiles) character file.

343 4tharraofdagon the Twirler (level 6, -3/42 HPs)
             Began as a High Elf Gladiator on Jan 8, 2014.
             Killed from afar by an orc wizard (6 damage)
             ... with a puff of flame
             ... on Level 5 of the Dungeon.
             The game lasted 00:07:24 (1494 turns).

4tharraofdagon the Twirler (High Elf Gladiator)     Turns: 1494, Time: 00:07:25

HP  -3/42        AC  9     Str 16      XL: 6   Next: 12%
MP  10/10        EV 11     Int 12      God:
Gold 47          SH  0     Dex 16      Spells:  0 memorised,  5 levels left

rFire  . . .     SeeInvis .     a - +1,+0 quarterstaff
rCold  . . .     Clarity  .     e - +0 ring mail (curse)
rNeg   . . .     Conserve .     (no shield)
rPois  .         rCorr    .     c - +0 helmet
rElec  .         rRot     .     (no cloak)
SustAb . .       Spirit   .     l - +0 pair of gloves
rMut   .         Warding  .     (no boots)
Saprov . . .     Stasis   .     (no amulet)
                                (no ring)
                                (no ring)

@: slightly resistant to hostile enchantments, very unstealthy
A: yellow scales 1
a: no special abilities


You were on level 5 of the Dungeon.
You were not hungry.

You visited 1 branch of the dungeon, and saw 7 of its levels.
You also visited: Sewer.

You collected 162 gold pieces.
You spent 115 gold pieces at shops.

Inventory:

Hand weapons
 a - a +1,+0 quarterstaff (weapon)
 i - a +3,+2 dwarven war axe
Missiles
 g - a throwing net [falling apart] (quivered)
Armour
 b - a +0 elven leather armour
 c - a +0 helmet (worn)
 e - a cursed +0 ring mail (worn)
 l - a +0 pair of gloves (worn)
Comestibles
 d - 2 chunks of worker ant flesh
 f - 3 bread rations
 z - 2 chunks of hound flesh
Scrolls
 k - a scroll of curse weapon {unknown}
 p - a scroll of magic mapping
 q - a scroll of remove curse
Jewellery
 u - an uncursed amulet of resist mutation {unknown}
Potions
 j - a potion of restore abilities {unknown}
 o - a potion of confusion {unknown}
 v - 2 potions of flight


   Skills:
 + Level 3.0 Fighting
 * Level 5.1 Staves
 - Level 2.1 Throwing
 + Level 2.4 Armour
 + Level 4.4 Dodging


You had 5 spell levels left.
You didn't know any spells.

Dungeon Overview and Level Annotations

Branches:
Dungeon (7/16)
 Temple: D:4-7

Altars:

Shops:
D:4 ?   D:6 :   D:7 :

Annotations:
D:4 Blork the orc


Innate Abilities, Weirdness & Mutations

You are partially covered in yellow scales (AC +2).


Message History

The orc warrior closely misses you.
Unknown command.
You swap places.
The adder closely misses you.
The orc priest closely misses your butterfly.
The orc wizard mumbles some strange words.
The orc wizard flickers and vanishes!
Deactivating autopickup; reactivate with Ctrl-A.
You see here a leather armour.
Unknown command.
Unknown command.
Read which item? (? for menu, Esc to quit)
As you read the scroll labeled ZUUMOIFRUI, it crumbles to dust.
You feel forgetful for a moment.
It was a scroll of amnesia.
The adder barely misses you.
The orc warrior hits your butterfly with an orcish glaive!
Your butterfly dies!
The orc priest closely misses your butterfly.
The puff of flame misses your butterfly.
The puff of flame hits you!
You die...

## ########### .#
#.....b...# .#
#..@S....$# .+
#..b..b...# .#
#..{o.b..b# .#
+..bob....+
.##+##########..bb.....#
......#...........b......
.....o'.................
#.....#.###############
#.....#.#


You could see an orc warrior (inner flame), an orc priest (inner flame) and an
adder (inner flame).

Vanquished Creatures
  A big kobold (Sewer)
  A wight (D:6)
  A hound (D:7)
  A big fish (Sewer)
  A worker ant (D:7)
  An ogre skeleton (D:5)
  3 adders
  A giant centipede (D:4)
  A giant mite (D:3)
  A worm (D:6)
  2 grey rats (Sewer)
  3 bats
  A bat zombie (D:6)
  3 giant cockroaches (D:4)
  5 jackals
  5 kobolds
  A quokka (D:3)
  2 giant geckos
  4 goblins
  2 rats (Sewer)
  A rat zombie (D:6)
41 creatures vanquished.

Vanquished Creatures (others)
  A butterfly (D:5)
1 creature vanquished.

Grand Total: 42 creatures vanquished

Notes
Turn   | Place    | Note
--------------------------------------------------------------
     0 | D:1      | 4tharraofdagon, the High Elf Gladiator, began the quest for the Orb.
     0 | D:1      | Reached XP level 1. HP: 14/14 MP: 2/2
   126 | D:2      | Reached XP level 2. HP: 14/19 MP: 3/3
   339 | D:3      | Reached skill level 1 in Armour
   379 | D:2      | Reached XP level 3. HP: 24/24 MP: 5/5
   537 | D:4      | Noticed Blork the orc
   542 | D:4      | Found Sheuclesiq's Magic Scroll Shoppe.
   547 | D:4      | Bought a scroll of teleportation for 30 gold pieces
   547 | D:4      | Bought a scroll of identify for 20 gold pieces
   547 | D:4      | Bought a scroll of magic mapping for 35 gold pieces
   547 | D:4      | Bought a scroll of remove curse for 30 gold pieces
   551 | D:4      | Found a glowing drain.
   598 | Sewer    | Entered a sewer
   660 | Sewer    | Reached skill level 4 in Staves
   660 | Sewer    | Reached XP level 4. HP: 12/30 MP: 7/7
   817 | Sewer    | Noticed a big kobold
   856 | Sewer    | Killed a big kobold
   856 | Sewer    | Reached XP level 5. HP: 18/35 MP: 8/8
   908 | Sewer    | Found a white marble altar of Elyvilon.
   932 | Sewer    | Gained mutation: You are partially covered in yellow scales (AC +2). [potion of beneficial mutation]
   977 | D:5      | Entered Level 5 of the Dungeon
  1263 | D:6      | Found Phaguluga's Book Shop.
  1332 | D:7      | Found Irunydor's Book Shop.
  1366 | D:7      | Reached skill level 5 in Staves
  1366 | D:7      | Reached XP level 6. HP: 38/41 MP: 10/10
  1428 | D:7      | Noticed a sky beast
  1453 | D:7      | Noticed an ice beast
  1456 | D:7      | Noticed a centaur
  1474 | D:6      | Noticed an ogre
  1485 | D:5      | Noticed an orc warrior
  1491 | D:5      | HP: 2/42 [orc warrior/orcish glaive (26)]
  1494 | D:5      | Killed from afar by an orc wizard

Action                   |  1- 3 |  4- 6 || total
-------------------------+-------+-------++-------
Melee: Quarterstaff      |    97 |   111 ||   208
Throw: Throwing net      |     4 |     5 ||     9
  Use: Scroll            |     1 |     9 ||    10
       Potion            |       |     5 ||     5
 Stab: Held in net/web   |       |     2 ||     2
